 Dungeon Crawl Stone Soup version 0.25.1-2-g60ff931df9 (webtiles) character file.

Game seed: 15960242169501755108

88 Descartes the Sneak (level 4, -2/22 HPs)
             Began as a Spriggan Warper on Aug 11, 2020.
             Slain by a hound (6 damage)
             ... on level 3 of the Dungeon.
             The game lasted 00:03:51 (2359 turns).

Descartes the Sneak (Spriggan Warper)               Turns: 2359, Time: 00:03:52

Health: -2/22      AC:  2    Str:  7    XL:     4   Next: 29%
Magic:  9/9        EV: 18    Int: 15    God:
Gold:   120        SH:  0    Dex: 15    Spells: 8/8 levels left

rFire    . . .     SeeInvis +   a - +0 short sword
rCold    . . .     Gourm    .   (shield restricted)
rNeg     . . .     Faith    .   n - +0 robe
rPois    .         Spirit   .   (helmet restricted)
rElec    .         Reflect  .   (no cloak)
rCorr    .         Harm     .   (gloves unavailable)
MR       .....                  (boots unavailable)
Stlth    +++.......             (no amulet)
HPRegen  0.07/turn              (no ring)
MPRegen  0.11/turn              (no ring)

@: very quick
A: very small, unfitting armour, see invisible, herbivore, speed 3, slow
metabolism 2
a: no special abilities


You were on level 3 of the Dungeon.
You were not hungry.

You visited 1 branch of the dungeon, and saw 3 of its levels.

You collected 120 gold pieces.

Inventory:

Hand Weapons
 a - a +0 short sword (weapon)
 b - a +1 hunting sling of flaming
Missiles
 c - 181 stones
 e - 5 boomerangs of dispersal (quivered)
 j - 13 sling bullets
 p - 29 arrows
Armour
 n - a +0 robe (worn)
Jewellery
 r - a cursed -4 ring of intelligence {unknown}
Wands
 s - a wand of digging (6)
Scrolls
 d - 2 scrolls of blinking
 g - a scroll of enchant armour {unknown}
 h - a scroll of noise {unknown}
 l - 4 scrolls of identify {unknown}
 q - a scroll of teleportation {unknown}
Potions
 i - a potion of heal wounds {unknown}
 k - 4 potions of curing {unknown}
 m - a potion of haste {unknown}
 o - a potion of invisibility {unknown}
 t - a potion of mutation {unknown}
Comestibles
 f - 6 rations


   Skills:
 - Level 1.5 Fighting
 - Level 2.1 Short Blades
 - Level 1.0 Throwing
 - Level 3.5 Dodging
 + Level 6.4 Stealth
 - Level 2.6 Spellcasting
   Level 4.4 Translocations


You had 8 spell levels left.
You didn't know any spells.
Your spell library contained the following spells:

 Spells                   Type           Power        Failure   Level  Hunger
 Blink                    Tloc           N/A          5%          2    ##.....
 Gell's Gravitas          Tloc           ###.......   11%         3    ###....
 Lesser Beckoning         Tloc           ###.......   11%         3    ###....
 Teleport Other           Tloc           ###.....     11%         3    ###....
 Shroud of Golubria       Chrm/Tloc      #.....       13%         2    ##.....
 Passage of Golubria      Tloc           N/A          34%         4    #####..


Dungeon Overview and Level Annotations

Branches:
Dungeon (3/15)

Altars:
Nemelex Xobeh


Innate Abilities, Weirdness & Mutations

You are very small and have problems with some larger weapons.
You are too small for most types of armour.
You have supernaturally acute eyesight. (SInv)
You are a herbivore.
You cover ground extremely quickly.
You need to consume almost no food.


Message History

You see here a +0 club.
You closely miss the hound. The hound closely misses you.
You hit the hound but do no damage. The hound bites you but does no damage.
The hound bites you.
You hit the hound.
The hound is lightly wounded.
The hound bites you.
You barely miss the hound.
The hound is lightly wounded.
The hound barely misses you. The hound closely misses you.
You miss the hound.
The hound is lightly wounded.
The hound closely misses you.
You barely miss the hound.
The hound is lightly wounded.
The hound closely misses you. The hound bites you.
* * * LOW HITPOINT WARNING * * *
There is an open door here.
The hound bites you.
You die...

#......##.#.#.#### #....# #.##
#.#.........#'#########....# #...
#.#..#.##.#...........#....###.##
..#..#.##.............#.....†....
......#####...........'.....##.##
#.#... #...........#.....##.# +#
.. #...........#......#.# .
######....h......#......#.## ..
+..........@.....+.......... ....
######.#####....##....#.... ....
#..# #....#####.....# ....
#..#####....#####.....#
#......)...........
#..................
#.#######.#....##.. ... #.#....#
..## ##.. ..#....# #...


You could see a hound.

Vanquished Creatures
  3 adders
  2 oozes
  A worm (D:3)
  A dart slug (D:3)
  2 leopard geckos
  A ball python (D:1)
  2 bats (D:1)
  6 giant cockroaches
  4 goblins
  5 hobgoblins
  6 kobolds
  5 frilled lizards
  9 rats
47 creatures vanquished.

Notes
Turn   | Place    | Note
-------+----------+-------------------------------------------
     0 | D:1      | Descartes the Spriggan Warper began the quest for the Orb.
     0 | D:1      | Reached XP level 1. HP: 10/10 MP: 5/5
    22 | D:1      | Reached skill level 1 in Stealth
    41 | D:1      | Reached skill level 2 in Stealth
   315 | D:1      | Reached XP level 2. HP: 14/14 MP: 6/6
   386 | D:1      | Reached skill level 3 in Stealth
   948 | D:1      | Reached skill level 4 in Stealth
  1107 | D:1      | Reached XP level 3. HP: 18/18 MP: 8/8
  1679 | D:2      | Reached skill level 5 in Stealth
  1756 | D:2      | Found a sparkling altar of Nemelex Xobeh.
  2067 | D:3      | Reached XP level 4. HP: 22/22 MP: 9/9
  2081 | D:3      | Reached skill level 6 in Stealth
  2359 | D:3      | Slain by a hound

Illustrated notes

Levels and vault maps discovered:
D:1:      scummos_arrival_forest, layout_rooms, grunt_decor_clamped
D:2:      layout_basic, overflow_temple_1_default
D:3:      layout_basic, zin_statuary, marbit_many_paths,
          lightli_sewer_entry_pipes, saegor_snake_ambush, uniq_robin,
          uniq_grinder

Skill      XL: |  1  2  3  4 |
---------------+-------------+-----
Stealth        | 2 4 5 6 |  6.4
Fighting       | |  1.5
Short Blades   | |  2.1
Throwing       | |  1.0
Dodging        | |  3.5
Spellcasting   | |  2.6
Translocations | |  4.4

Action                   |  1- 3 |  4- 6 || total
-------------------------+-------+-------++-------
Melee: Short sword       |    45 |     6 ||    51
 Fire: Hunting sling     |    72 |    26 ||    98
 Stab: Distracted        |     1 |       ||     1
Armor: Robe              |     8 |     1 ||     9
Dodge: Dodged            |    65 |    12 ||    77
